 Dungeon Crawl Stone Soup version 0.17.1-1-g73c8601 (webtiles) character file.

1463 PossumBlood the Carver (level 8, -3/64 HPs)
             Began as a Minotaur Fighter on Dec 19, 2015.
             Shot with an arrow by a centaur (5 damage)
             ... on level 6 of the Dungeon.
             The game lasted 00:11:14 (4893 turns).

PossumBlood the Carver (Minotaur Fighter)           Turns: 4893, Time: 00:11:14

Health: -3/64      AC: 10    Str: 27    XL:     8   Next: 48%
Magic:  7/7        EV:  6    Int:  5    God:
Gold:   222        SH: 10    Dex: 11    Spells: 0 memorised, 7 levels left

rFire  + . .     SeeInvis .     a - +2 long sword
rCold  . . .     Clarity  .     m - +0 chain mail {rF+}
rNeg   . . .     SustAt   .     c - +0 shield
rPois  .         Gourm    .     (helmet restricted)
rElec  .         Spirit   .     e - +0 cloak
rCorr  .         Warding  .     (no gloves)
rMut   .         Stasis   +     (no boots)
MR     .....                    l - amulet of stasis
Stlth  ..........               (no ring)
                                f - ring of teleportation (curse)

@: mighty, not resistant to hostile enchantments, extremely unstealthy
A: retaliatory headbutt, horns 2
a: Evoke Teleportation


You were on level 6 of the Dungeon.
You were not hungry.

You visited 1 branch of the dungeon, and saw 6 of its levels.

You collected 222 gold pieces.

Inventory:

Hand Weapons
 a - a +2 long sword (weapon)
Armour
 c - a +0 shield (worn)
 e - a +0 cloak (worn)
 m - a +0 chain mail of fire resistance (worn)
Jewellery
 f - a cursed ring of teleportation (left hand)
 l - an amulet of stasis (around neck)
 p - an uncursed amulet of guardian spirit
 r - an uncursed amulet of resist mutation
Scrolls
 i - a scroll of blinking
 j - a scroll of identify
 k - a scroll of teleportation
 n - a scroll of recharging
Potions
 d - 2 potions of might
 g - a potion of cancellation
 q - a potion of berserk rage {unknown}
 s - 3 potions of agility
Comestibles
 b - a beef jerky
 h - 3 bread rations
 o - 2 meat rations


   Skills:
 - Level 3.6 Fighting
 * Level 12.4 Long Blades
 - Level 3.6 Armour
 - Level 3.6 Shields


You had 7 spell levels left.
You didn't know any spells.

Dungeon Overview and Level Annotations

Branches:
Dungeon (6/15)
 Temple: D:4-7

Altars:
Fedhas
Ru
Sif Muna
The Shining One


Innate Abilities, Weirdness & Mutations

You reflexively headbutt those who attack you in melee.
You have a pair of horns on your head.


Message History

You kill the centaur!
You block the centaur's attack.
Drink which item? (? for menu, Esc to quit)
You feel very mighty all of a sudden.
The centaur shoots an arrow.
The arrow hits you.
* * * LOW HITPOINT WARNING * * *
The jelly hits you but does no damage. You block the scorpion's attack.
You block the centaur's attack.
You slash the jelly!
You kill the jelly!
The centaur shoots an arrow.
The arrow hits you.
* * * LOW HITPOINT WARNING * * *
The centaur hits you.
* * * LOW HITPOINT WARNING * * *
The scorpion barely misses you. You furiously retaliate!
You headbutt the scorpion. You hit the centaur. You headbutt the centaur!
You kill the centaur!
The centaur shoots an arrow.
The arrow hits you.
You die...

#### # #... #.
#.c# P
#..##.†###P.P
#...!.<...PP_P
#.###.(###.PPP
#!......@s...PP
#......).)......
#.####..........
# #.####.##.# #.
.# # #. # #.


You could see a centaur and a scorpion.

Vanquished Creatures
  Grinder (D:4)
  Edmund (D:5)
  An ice beast (D:5)
  An ogre (D:6)
  4 centaurs
  A sky beast (D:5)
  Blork the orc (D:5)
  A scorpion (D:5)
  A hound (D:4)
  Crazy Yiuf (D:5)
  An orc priest (D:3)
  A jelly (D:6)
  A giant frog skeleton (D:5)
  An iguana (D:4)
  Natasha (thrice) (D:3)
  3 worker ants
  A worker ant zombie (D:5)
  8 adders
  An ooze (D:4)
  3 worms
  9 orcs
  2 ball pythons
  4 bats
  2 giant cockroaches
  6 hobgoblins
  14 jackals
  8 giant geckos
  4 giant newts
  6 goblins
  6 kobolds
  A quokka zombie (D:5)
  6 rats
104 creatures vanquished.

Notes
Turn   | Place    | Note
--------------------------------------------------------------
     0 | D:1      | PossumBlood the Minotaur Fighter began the quest for the Orb.
     0 | D:1      | Reached XP level 1. HP: 19/19 MP: 0/0
   241 | D:1      | Reached XP level 2. HP: 26/26 MP: 1/1
   287 | D:1      | You fall through a shaft!
   287 | D:2      | Found a faded altar to an unknown god.
   719 | D:2      | Reached skill level 4 in Long Blades
   891 | D:2      | Found a glowing golden altar of the Shining One.
   928 | D:2      | Reached XP level 3. HP: 31/31 MP: 2/2
   992 | D:2      | Found a deep blue altar of Sif Muna.
  1499 | D:2      | Reached skill level 5 in Long Blades
  1616 | D:3      | Noticed Natasha
  1627 | D:3      | Killed Natasha
  1627 | D:3      | Reached XP level 4. HP: 18/39 MP: 1/3
  1941 | D:3      | Reached skill level 6 in Long Blades
  1941 | D:3      | Reached XP level 5. HP: 40/45 MP: 4/4
  2147 | D:3      | Noticed a centaur
  2151 | D:3      | Noticed Natasha
  2160 | D:3      | Killed a centaur
  2160 | D:3      | Reached skill level 7 in Long Blades
  2165 | D:3      | Killed Natasha
  2275 | D:3      | Noticed Natasha
  2288 | D:3      | Killed Natasha
  2688 | D:3      | Reached XP level 6. HP: 47/51 MP: 5/5
  3011 | D:4      | Reached skill level 8 in Long Blades
  3383 | D:4      | Reached skill level 9 in Long Blades
  3485 | D:4      | Noticed Grinder
  3495 | D:4      | Killed Grinder
  3495 | D:4      | Reached XP level 7. HP: 31/57 MP: 6/6
  3695 | D:4      | Reached skill level 10 in Long Blades
  3780 | D:5      | Entered Level 5 of the Dungeon
  3843 | D:5      | Noticed Edmund
  3860 | D:5      | Killed Edmund
  4074 | D:5      | Noticed Blork the orc
  4088 | D:5      | Killed Blork the orc
  4379 | D:5      | Reached skill level 11 in Long Blades
  4379 | D:5      | Reached XP level 8. HP: 62/64 MP: 7/7
  4380 | D:5      | Found a sacrificial altar of Ru.
  4587 | D:5      | Noticed Crazy Yiuf
  4591 | D:5      | Killed Crazy Yiuf
  4882 | D:6      | Found a blossoming altar of Fedhas.
  4887 | D:6      | Reached skill level 12 in Long Blades
  4892 | D:6      | HP: 2/64 [centaur (2)]
  4893 | D:6      | Shot with an arrow by a centaur

Action                   |  1- 3 |  4- 6 |  7- 9 || total
-------------------------+-------+-------+-------++-------
Melee: Long sword        |    95 |   146 |    78 ||   319
  Use: Scroll            |     8 |     2 |     2 ||    12
       Potion            |       |     6 |     1 ||     7
  Eat: Fruit             |     3 |     1 |       ||     4
       Bread ration      |       |     1 |     1 ||     2
       Beef jerky        |       |       |     1 ||     1
